 Dungeon Crawl Stone Soup version 0.31-a0-200-gbc41564c69 (webtiles) character file.

Game seed: 12935577096698185943

21566 qw the Crack Shot (level 12, 0/70 HPs)
             Began as a Deep Elf Hunter on June 25, 2023.
             Slain by a harpy simulacrum (17 damage)
             ... in a Gauntlet.
             The game lasted 00:04:45 (10376 turns).

qw the Crack Shot (Deep Elf Hunter)                Turns: 10376, Time: 00:04:45

Health: 0/70       AC: 12    Str: 18    XL:     12   Next: 55%
Magic:  14/14      EV: 18    Int: 16    God:
Gold:   1817       SH:  0    Dex: 18    Spells: 11/11 levels left

rFire   . . .        b - +27 heavy crossbow "Sniper" {heavy, Acc+∞ SInv}
rCold   . . .        (shield currently unavailable)
rNeg    . . .        c - +0 troll leather armour
rPois   .            (helmet restricted)
rElec   .            (no cloak)
rCorr   .            p - +2 pair of gloves
SInv    +            j - +0 pair of boots {Fly}
Will    +....        o - amulet of regeneration
Stlth   ++           i - +4 ring of protection
HPRegen 1.91/turn    m - +6 ring of strength
MPRegen 0.14/turn

%: no teleportation
@: flying
A: antennae 1, fangs 1
a: no special abilities


You were in a Gauntlet.
You visited 3 branches of the dungeon, and saw 14 of its levels.
You also visited: Gauntlet.

You collected 1817 gold pieces.


Innate Abilities, Weirdness & Mutations

You have a pair of small antennae on your head.
You have very sharp teeth.


   Skills:
 - Level 6.0 Fighting
 + Level 22.7 Ranged Weapons
 - Level 2.2 Armour
 - Level 10.2 Dodging
 - Level 1.2 Stealth


You had 11 spell levels left.
You didn't know any spells.
Your spell library was empty.

Inventory:

Hand Weapons
 b - the +27 heavy crossbow "Sniper" (weapon) {heavy, Acc+∞ SInv}
   (You acquired it on level 6 of the Dungeon)

   Acc+∞: It never misses its target.
   SInv:      It lets you see invisible.
Armour
 c - a +0 troll leather armour (worn)
 j - a +0 pair of boots of flying (worn)
 p - a +2 pair of gloves (worn)
Jewellery
 i - a +4 ring of protection (left hand)
 l - a ring of see invisible
 m - a +6 ring of strength (right hand)
 o - an amulet of regeneration (around neck)
Scrolls
 a - 5 scrolls of identify
 q - 2 scrolls of teleportation
Potions
 d - a potion of cancellation
 e - 5 potions of heal wounds
 f - a potion of mutation
 g - 5 potions of curing
 h - 3 potions of might
 k - 2 potions of haste

Dungeon Overview and Level Annotations

Branches:
Dungeon (11/15)            Temple (1/1) D:5            Lair (2/5) D:8
    Orc (0/2) D:11        Gauntlet (1/1)
  Swamp: Lair:2-3    Shoals: Lair:2-3     Snake: Lair:2-3    Spider: Lair:2-3

Altars:
Ashenzari
Cheibriados
Dithmenos
Elyvilon
Fedhas
Gozag
Hepliaklqana
Kikubaaqudgha
Makhleb
Nemelex Xobeh
Qazlal
Ru
Sif Muna
Trog
Uskayaw
Vehumet
Wu Jian
Xom
Yredelemnul
The Shining One

Annotations:
D:5 1 runed translucent door, Crazy Yiuf
D:10 2 runed translucent doors Gauntlet 9 transporters, 3 runed translucent doors


Message History

You kill the wolf!
You start resting.
HP restored.
You start waiting.
You feel yourself speed up.
You recover from your berserk rage.
Done waiting.
You now have 1817 gold pieces (gained 34).
n - a +0 pair of gloves of infusion Partly explored, unvisited transporter.
10365 ||| DROPPING +0 pair of gloves of infusion.
You drop a +0 pair of gloves of infusion.
Partly explored, unvisited transporter.
There is a transporter here.
Partly explored, unvisited transporter.
You enter the transporter and appear at another place.
Partly explored, unvisited transporter.
There is a transporter here.
Partly explored, unvisited transporter.
You enter the transporter and appear at another place.
The harpy simulacrum claws you but does no damage.
The harpy simulacrum claws you. The harpy simulacrum freezes you!
You shoot a bolt.
The bolt hits the wolf spider simulacrum!!!
The wolf spider simulacrum vaporises!
The harpy simulacrum claws you but does no damage.
The harpy simulacrum closely misses you.
The harpy simulacrum claws you but does no damage. x2
The harpy simulacrum claws you. The harpy simulacrum freezes you!
The harpy simulacrum claws you. The harpy simulacrum freezes you!!
The harpy simulacrum misses you.
The harpy simulacrum claws you but does no damage.
The hornet simulacrum barely misses you.
The harpy simulacrum closely misses you.
The harpy simulacrum completely misses you.
You shoot a bolt.
The bolt hits the hornet simulacrum but does no damage.
The harpy simulacrum barely misses you. The harpy simulacrum claws you.
The harpy simulacrum freezes you!
You die...

~.PP.7.#.#...#.#..P#~#~#...##/.##
~..P...#...^.[.#...P.P.....#$..^#
#.P7.#############..P7...########
~....#^....^....^#.......#^....^.
~.###################.###########
~.#WW#^...#.#.#Z#..##.#..8#8..#.#
#.#WW#.##.#.##.#.##.#.#s..8...#.#
~.#..#.##.#.##Z##Z.##.#8.8.8.8#.#
~.#..#.^..#.#.#Z@#.##.##8s^.8##.#
~.#..+++###.#.##..#.#.#8s8.8.8#.#
#.#..#.#![#.##..###.#.#...8...#.#
~.#..#^#[.#.##.|^[=##.#.y"^.:.#.#
~.#########.#########.#########.#
~................................
#..7...7..P7P..7P.........P7..P7.
~....................\...P.......
~~#~~~#~~~#~~~#..7......P7..#~~~#


You could see a wolf spider, a harpy simulacrum and 2 hornet simulacra.

Vanquished Creatures
  A hydra (Lair:2)
  Harold (Lair:2)
  Erica (D:10)
  A two-headed ogre (D:10)
  2 boulder beetles
  Sonja (Lair:2)
  Pikel (D:5)
  A manticore (D:11)
  2 cyclopes (D:11)
  A moth of wrath (Gauntlet)
  A gargoyle (D:8)
  5 cane toads (Lair:1)
  2 rime drakes
  7 komodo dragons
  Psyche (D:10)
  A polar bear (Lair:2)
  A troll (D:9)
  A wolf spider simulacrum (Gauntlet)
  Grinder (D:5)
  4 slime creatures (D:11)
  Sigmund (D:4)
  2 wyverns
  A vampire (D:10)
  A wraith (D:11)
  Eustachio (D:6)
  15 yaks
  A basilisk (Lair:2)
  4 steam dragons
  3 vampire mosquitoes (D:11)
  2 acid dragons (D:10)
  3 swamp worms (Gauntlet)
  Duvessa (D:5)
  4 water moccasins
  An ice beast (D:6)
  2 orc warriors
  4 black bears
  11 wolves
  4 centaurs
  A lemure (D:5)
  4 phantoms
  2 kobold brigands
  5 scorpions
  10 bullfrogs
  Dowan (D:5)
  3 killer bees (D:9)
  2 howler monkeys
  4 hounds
  A gnoll bouda (D:7)
  4 orc priests
  2 jellies (D:5)
  Jessica (D:2)
  9 iguanas
  6 orc wizards
  2 sleepcaps
  A statue (D:10)
  Robin (D:3)
  10 adders
  4 gnolls (D:7)
  2 shadow imps
  2 white imps
  2 ufetubi
  A worm (D:4)
  A dart slug (D:4)
  21 orcs
  8 endoplasms
  A giant cockroach (D:3)
  15 goblins
  10 hobgoblins
  8 jackals
  2 ball pythons
  3 bats
  2 frilled lizards
  16 kobolds
  7 rats
271 creatures vanquished.

Notes
Turn   | Place    | Note
-------+----------+-------------------------------------------
     0 | D:1      | qw the Deep Elf Hunter began the quest for the Orb.
     0 | D:1      | Reached XP level 1. HP: 12/12 MP: 3/3
     0 | D:1      | 0 ||| qw: Version: 0.3-a-22-g0ed2b0b
     0 | D:1      | 0 ||| qw: Game counter: 5502
     0 | D:1      | 0 ||| qw: Melee chars always use a shield: true
     0 | D:1      | 0 ||| qw: God list: Okawaru
     0 | D:1      | 0 ||| qw: Allow faded altars: false
     0 | D:1      | 0 ||| qw: Do Orc after clearing Dungeon:15 true
     0 | D:1      | 0 ||| qw: Do second Lair branch before Depths: true
     0 | D:1      | 0 ||| qw: Lair rune preference: random
     0 | D:1      | 0 ||| qw: Goals: Normal
     0 | D:1      | 0 ||| PLANNING D:1-11
   308 | D:1      | Reached XP level 2. HP: 16/16 MP: 4/4
   416 | D:1      | Reached skill level 6 in Ranged Weapons
   791 | D:1      | 791 ||| READING 2 scrolls labelled OSTRUE PEASOESO.
   792 | D:1      | 792 ||| READING scroll labelled EBBOMURUIG.
   793 | D:1      | 793 ||| READING scroll labelled HIRENEORUY.
   794 | D:1      | 794 ||| DROPPING scroll of butterflies.
  1035 | D:2      | Reached XP level 3. HP: 10/20 MP: 5/5
  1119 | D:2      | Found a faded altar of an unknown god.
  1120 | D:2      | Noticed Jessica
  1121 | D:2      | Killed Jessica
  1122 | D:2      | Reached skill level 7 in Ranged Weapons
  1316 | D:2      | Reached XP level 4. HP: 25/25 MP: 6/6
  1501 | D:2      | 1501 ||| UPGRADING to +0 ring mail.
  1511 | D:2      | 1511 ||| DROPPING +0 leather armour.
  1512 | D:2      | 1512 ||| UPGRADING to +6 ring of strength.
  1513 | D:2      | 1513 ||| UPGRADING to ring of see invisible.
  1514 | D:2      | 1514 ||| READING scroll labelled REUBOO ZOSANAZ.
  1515 | D:2      | 1515 ||| READING 2 scrolls of identify.
  1515 | D:2      | 1515 ||| IDENTIFYING murky dark potion
  1516 | D:2      | 1516 ||| DROPPING potion of ambrosia.
  1603 | D:3      | Found a hazy altar of Hepliaklqana.
  1854 | D:3      | Found a glowing golden altar of the Shining One.
  2024 | D:3      | Reached skill level 8 in Ranged Weapons
  2037 | D:3      | 2037 ||| FLEEEEING.
  2038 | D:3      | 2038 ||| FLEEEEING.
  2040 | D:3      | 2040 ||| FLEEEEING.
  2042 | D:3      | Noticed Robin
  2043 | D:3      | 2043 ||| FLEEEEING.
  2044 | D:3      | 2044 ||| FLEEEEING.
  2045 | D:3      | 2045 ||| FLEEEEING.
  2049 | D:3      | 2049 ||| STAIRDANCE
  2099 | D:2      | 2099 ||| READING scroll labelled XEIVAG DOYLEUW.
  2100 | D:2      | 2100 ||| READING 3 scrolls of identify.
  2100 | D:2      | 2100 ||| IDENTIFYING metallic dark potion
  2101 | D:2      | 2101 ||| READING 2 scrolls of identify.
  2101 | D:2      | 2101 ||| IDENTIFYING golden potion
  2112 | D:3      | Killed Robin
  2137 | D:3      | Found a white marble altar of Elyvilon.
  2230 | D:3      | 2230 ||| UPGRADING to +0 helmet.
  2235 | D:3      | 2235 ||| UPGRADING to +4 ring of protection.
  2269 | D:4      | 2269 ||| READING 2 scrolls of enchant weapon.
  2269 | D:4      | 2269 ||| ENCHANTING +1 shortbow.
  2270 | D:4      | 2270 ||| READING scroll of enchant weapon.
  2270 | D:4      | 2270 ||| ENCHANTING +2 shortbow.
  2301 | D:4      | Reached XP level 5. HP: 29/29 MP: 7/7
  2342 | D:4      | 2342 ||| READING scroll of enchant weapon.
  2342 | D:4      | 2342 ||| ENCHANTING +3 shortbow.
  2503 | D:4      | Reached skill level 9 in Ranged Weapons
  2627 | D:4      | Noticed Sigmund
  2640 | D:4      | Killed Sigmund
  2641 | D:4      | Reached skill level 3 in Fighting
  2641 | D:4      | Reached XP level 6. HP: 31/37 MP: 8/8
  2663 | D:4      | Found an opulent altar of Gozag.
  3210 | D:4      | 3210 ||| DROPPING scarf of invisibility.
  3211 | D:4      | 3211 ||| UPGRADING to +0 pair of gloves.
  3216 | D:4      | 3216 ||| READING scroll labelled KYATYIF JATE.
  3217 | D:4      | 3217 ||| READING scroll labelled DAOWOR SEKOT.
  3239 | D:5      | Entered Level 5 of the Dungeon
  3266 | D:5      | Reached skill level 1 in Armour
  3266 | D:5      | Reached XP level 7. HP: 27/41 MP: 9/9
  3269 | D:5      | 3269 ||| FLEEEEING.
  3276 | D:5      | 3276 ||| STAIRDANCE
  3331 | D:5      | Reached skill level 10 in Ranged Weapons
  3348 | D:5      | Found a bloodstained altar of Trog.
  3371 | D:5      | Reached skill level 3 in Dodging
  3383 | D:5      | 3383 ||| FLEEEEING.
  3384 | D:5      | 3384 ||| FLEEEEING.
  3385 | D:5      | 3385 ||| FLEEEEING.
  3386 | D:5      | 3386 ||| FLEEEEING.
  3387 | D:5      | 3387 ||| FLEEEEING.
  3388 | D:5      | 3388 ||| FLEEEEING.
  3449 | D:5      | 3449 ||| FLEEEEING.
  3450 | D:5      | 3450 ||| FLEEEEING.
  3451 | D:5      | 3451 ||| FLEEEEING.
  3452 | D:5      | 3452 ||| FLEEEEING.
  3453 | D:5      | 3453 ||| FLEEEEING.
  3454 | D:5      | 3454 ||| FLEEEEING.
  3455 | D:5      | 3455 ||| FLEEEEING.
  3456 | D:5      | 3456 ||| FLEEEEING.
  3459 | D:5      | 3459 ||| STAIRDANCE
  3558 | D:5      | Reached skill level 11 in Ranged Weapons
  3630 | D:5      | Reached XP level 8. HP: 46/46 MP: 10/10
  3651 | D:5      | 3651 ||| FLEEEEING.
  3652 | D:5      | 3652 ||| FLEEEEING.
  3686 | D:5      | 3686 ||| DRINKING 2 green potions.
  3686 | D:5      | Noticed Grinder
  3690 | D:5      | Reached skill level 12 in Ranged Weapons
  3710 | D:5      | Paralysed by Grinder for 4 turns
  3715 | D:5      | Killed Grinder
  3716 | D:5      | Reached skill level 13 in Ranged Weapons
  3836 | D:5      | Noticed Dowan
  3837 | D:5      | Noticed Duvessa
  3839 | D:5      | Killed Dowan
  3848 | D:5      | HP: 10/46 [Duvessa/+0 short sword (10)]
  3849 | D:5      | 3849 ||| DRINKING 2 potions of heal wounds.
  3852 | D:5      | Killed Duvessa
  3853 | D:5      | 3853 ||| FLEEEEING.
  3854 | D:5      | 3854 ||| FLEEEEING.
  3855 | D:5      | 3855 ||| FLEEEEING.
  3856 | D:5      | 3856 ||| FLEEEEING.
  3857 | D:5      | 3857 ||| FLEEEEING.
  3858 | D:5      | 3858 ||| FLEEEEING.
  3859 | D:5      | 3859 ||| FLEEEEING.
  3860 | D:5      | 3860 ||| FLEEEEING.
  3861 | D:5      | 3861 ||| FLEEEEING.
  3862 | D:5      | 3862 ||| FLEEEEING.
  3863 | D:5      | 3863 ||| FLEEEEING.
  3864 | D:5      | 3864 ||| FLEEEEING.
  3865 | D:5      | 3865 ||| FLEEEEING.
  3866 | D:5      | 3866 ||| FLEEEEING.
  3867 | D:5      | 3867 ||| FLEEEEING.
  3868 | D:5      | 3868 ||| FLEEEEING.
  3869 | D:5      | 3869 ||| FLEEEEING.
  3870 | D:5      | 3870 ||| FLEEEEING.
  3871 | D:5      | 3871 ||| FLEEEEING.
  3872 | D:5      | 3872 ||| FLEEEEING.
  3882 | D:5      | 3882 ||| STAIRDANCE
  3975 | D:4      | 3975 ||| READING 2 scrolls of identify.
  3975 | D:4      | 3975 ||| IDENTIFYING lumpy green potion
  3976 | D:4      | 3976 ||| DROPPING potion of lignification.
  4021 | D:5      | Reached skill level 14 in Ranged Weapons
  4031 | D:5      | Noticed Pikel
  4042 | D:5      | Killed Pikel
  4043 | D:5      | Reached skill level 6 in Dodging
  4043 | D:5      | Reached XP level 9. HP: 48/51 MP: 11/11
  4095 | D:5      | Found a runed translucent door.
  4096 | D:5      | Noticed Crazy Yiuf
  4163 | D:5      | Found a sacrificial altar of Ru.
  4258 | D:5      | Found a staircase to the Ecumenical Temple.
  4259 | D:5      | 4259 ||| PLANNING TEMPLE
  4259 | D:5      | 4259 ||| DROPPING ring of positive energy.
  4260 | D:5      | 4260 ||| READING scroll labelled ROG ENNIKKAD.
  4265 | D:5      | 4265 ||| DRINKING 2 smoky inky potions.
  4265 | D:5      | Gained mutation: You have very sharp teeth. [potion of
                  | mutation]
  4265 | D:5      | Gained mutation: You have a pair of small antennae on your
                  | head. [potion of mutation]
  4266 | D:5      | 4266 ||| DROPPING +0 helmet.
  4267 | D:5      | 4267 ||| READING 2 scrolls of identify.
  4267 | D:5      | 4267 ||| IDENTIFYING fuming purple potion
  4304 | Temple   | Entered the Ecumenical Temple
  4408 | Temple   | 4408 ||| PLANNING D:1-11
  5359 | D:6      | Found an ancient bone altar of Kikubaaqudgha.
  5467 | D:6      | 5467 ||| DRINKING 2 potions of curing.
  5467 | D:6      | 5467 ||| (to cure confusion)
  5793 | D:6      | Found a shimmering blue altar of Sif Muna.
  5794 | D:6      | Noticed Eustachio
  5795 | D:6      | 5795 ||| READING scroll labelled KIPAYXK USUMM.
  5795 | D:6      | Identified a scroll of acquirement
  5795 | D:6      | 5795 ||| ACQUIRING +27 heavy crossbow "Sniper" {heavy,
                  | Acc+∞ SInv}
  5795 | D:6      | Acquired the +27 heavy crossbow "Sniper" {heavy, Acc+∞
                  | SInv}
  5795 | D:6      | Found the +27 heavy crossbow "Sniper" {heavy, Acc+∞ SInv}
  5797 | D:6      | 5797 ||| SWAPPING to +27 heavy crossbow "Sniper" {heavy,
                  | Acc+∞ SInv}.
  5798 | D:6      | 5798 ||| REMOVING ring of see invisible.
  5799 | D:6      | 5799 ||| DROPPING +4 shortbow of flaming.
  5800 | D:6      | 5800 ||| UPGRADING to +6 ring of strength.
  5807 | D:6      | Killed Eustachio
  5917 | D:6      | Reached skill level 15 in Ranged Weapons
  6412 | D:7      | Found a sparkling altar of Nemelex Xobeh.
  6574 | D:8      | Reached skill level 16 in Ranged Weapons
  6574 | D:8      | Reached XP level 10. HP: 58/58 MP: 12/12
  6605 | D:8      | Noticed a gargoyle
  6606 | D:8      | Killed a gargoyle
  6717 | D:8      | 6717 ||| Stepping ~*~*~tactically~*~*~ (outnumbered).
  6719 | D:8      | 6719 ||| Stepping ~*~*~tactically~*~*~ (outnumbered).
  6721 | D:8      | 6721 ||| Stepping ~*~*~tactically~*~*~ (outnumbered).
  7066 | D:8      | Found a staircase to the Lair.
  7178 | D:8      | Found a broken altar of Ashenzari.
  7195 | D:8      | Reached skill level 17 in Ranged Weapons
  7232 | D:8      | 7232 ||| UPGRADING to amulet of regeneration.
  7237 | D:8      | 7237 ||| DROPPING +6 ring of intelligence.
  7238 | D:8      | 7238 ||| DRINKING 2 purple potions.
  7239 | D:8      | 7239 ||| DRINKING 2 black potions.
  7240 | D:8      | 7240 ||| READING 2 scrolls of identify.
  7240 | D:8      | 7240 ||| IDENTIFYING fizzy grey potion
  7241 | D:8      | 7241 ||| DROPPING potion of attraction.
  7242 | D:8      | 7242 ||| DROPPING potion of berserk rage.
  7286 | D:9      | 7286 ||| STAIRDANCE
  7390 | D:9      | 7390 ||| STAIRDANCE
  7427 | D:9      | 7427 ||| FLEEEEING.
  7428 | D:9      | 7428 ||| STAIRDANCE
  7629 | D:9      | Found a flagged portal.
  7798 | D:9      | 7798 ||| UPGRADING to +0 troll leather armour.
  7808 | D:9      | 7808 ||| DROPPING +0 ring mail.
  7809 | D:9      | 7809 ||| DROPPING ring of wizardry.
  7810 | D:9      | 7810 ||| READING scroll labelled PYLASA IDEGI.
  7834 | D:10     | Entered Level 10 of the Dungeon
  7844 | D:10     | Noticed Erica
  7847 | D:10     | Killed Erica
  7848 | D:10     | Reached skill level 18 in Ranged Weapons
  7885 | D:10     | 7885 ||| READING scroll of enchant armour.
  7885 | D:10     | 7885 ||| ENCHANTING +0 pair of gloves.
  8273 | D:10     | Found a radiant altar of Vehumet.
  8309 | D:10     | Found a burning altar of Makhleb.
  8331 | D:10     | Noticed a two-headed ogre
  8333 | D:10     | Killed a two-headed ogre
  8334 | D:10     | Reached XP level 11. HP: 63/63 MP: 13/13
  8354 | D:10     | Noticed Psyche
  8356 | D:10     | 8356 ||| DRINKING 2 potions of cancellation.
  8357 | D:10     | Killed Psyche
  8358 | D:10     | Reached skill level 19 in Ranged Weapons
  8361 | D:10     | Noticed a boulder beetle
  8363 | D:10     | Killed a boulder beetle
  8364 | D:10     | Found a large runed translucent door.
  8369 | D:10     | Found a large runed translucent door.
  8491 | D:10     | 8491 ||| READING scroll labelled YDWEUCWEVO.
  8567 | D:11     | 8567 ||| FLEEEEING.
  8568 | D:11     | 8568 ||| FLEEEEING.
  8587 | D:11     | 8587 ||| FLEEEEING.
  8588 | D:11     | 8588 ||| FLEEEEING.
  8610 | D:11     | 8610 ||| READING scroll of acquirement.
  8610 | D:11     | 8610 ||| ACQUIRING 1072 gold pieces
  8610 | D:11     | Acquired 1072 gold pieces
  8639 | D:11     | Reached skill level 20 in Ranged Weapons
  8802 | D:11     | Reached skill level 9 in Dodging
  9138 | D:11     | Found a staircase to the Orcish Mines.
  9220 | D:11     | 9220 ||| PLANNING LAIR
  9220 | D:11     | 9220 ||| UPGRADING to +0 pair of boots of flying.
  9225 | D:11     | 9225 ||| DROPPING amulet of guardian spirit.
  9313 | Lair:1   | Entered Level 1 of the Lair of Beasts
  9353 | Lair:1   | Reached skill level 21 in Ranged Weapons
  9514 | Lair:1   | Reached skill level 6 in Fighting
  9556 | Lair:1   | Reached XP level 12. HP: 70/70 MP: 14/14
  9637 | Lair:1   | 9637 ||| READING scroll of enchant armour.
  9637 | Lair:1   | 9637 ||| ENCHANTING +1 pair of gloves.
  9753 | Lair:2   | 9753 ||| PLANNING GAUNTLET
  9907 | Lair:2   | Noticed Sonja
  9908 | Lair:2   | Killed Sonja
  9909 | Lair:2   | Reached skill level 22 in Ranged Weapons
  9909 | Lair:2   | Noticed Harold
  9910 | Lair:2   | Noticed a seven-headed hydra
  9911 | Lair:2   | Killed Harold
  9913 | Lair:2   | Killed a seven-headed hydra
  9918 | Lair:2   | Noticed a boulder beetle
  9921 | Lair:2   | Killed a boulder beetle
  9932 | Lair:2   | Found a gate leading to a gauntlet.
  9940 | Gauntlet | Entered a Gauntlet
  9940 | Gauntlet | Found a transporter.
  9951 | Gauntlet | Found a transporter.
  9962 | Gauntlet | Found a transporter.
  9965 | Gauntlet | Found a transporter.
  9971 | Gauntlet | Found a runed translucent gate.
  9971 | Gauntlet | Found a runed translucent gate.
  9971 | Gauntlet | Found a runed translucent gate.
  9973 | Gauntlet | Found a transporter.
  9994 | Gauntlet | Found a transporter.
 10005 | Gauntlet | Found a transporter.
 10016 | Gauntlet | Found a transporter.
 10037 | Gauntlet | Found a transporter.
 10050 | Gauntlet | Found a transporter.
 10050 | Gauntlet | Found a transporter.
 10059 | Gauntlet | Found a transporter.
 10099 | Gauntlet | Found a transporter.
 10117 | Gauntlet | Found a transporter.
 10219 | Gauntlet | 10219 ||| READING 6 scrolls of identify.
 10219 | Gauntlet | 10219 ||| IDENTIFYING bubbling grey potion
 10220 | Gauntlet | 10220 ||| DROPPING potion of magic.
 10244 | Gauntlet | HP: 14/70 [wolf (6)]
 10245 | Gauntlet | 10245 ||| DRINKING 6 potions of heal wounds.
 10365 | Gauntlet | 10365 ||| DROPPING +0 pair of gloves of infusion.
 10376 | Gauntlet | HP: 17/70 [harpy simulacrum (5)]
 10376 | Gauntlet | Slain by a harpy simulacrum

Levels and vault maps discovered:
D:1:      dpeg_arrival_circle_labyrinth_c, layout_basic, grunt_decor_cap,
          corexii_leaking_fountain
D:2:      layout_basic, dreamdust_ecumenical_altar_grove, uniq_jessica
D:3:      layout_basic, mainiacjoe_overflow_small_starburst,
          nicolae_hepliaklqana_hazy_memory, lemuel_crystal_altar, uniq_robin
D:4:      layout_loops_corners, grunt_gozag_statues, uniq_sigmund
D:5:      layout_rooms, trog_three_pillars_becter, nicolae_ru_path_of_blood,
          minmay_temple_entry_hall, nzn_random_ring, uniq_crazy_yiuf_cottage,
          uniq_duvessa, uniq_pikel, uniq_grinder
D:6:      layout_basic, kiku_gazebo_pond_becter, lemuel_doored_altar,
          minmay_misc_feat_five, uniq_eustachio
D:7:      layout_rooms, mainiacjoe_overflow_catwalk, kennysheep_generic_room_11
D:8:      layout_gridville, evilmike_ruin_ashenzari, david_lair_shrubbed
D:9:      layout_rooms, enter_bailey_3
D:10:     layout_loops_ring, vehumet_statue, lemuel_coloured_pillars_altar,
          jmf_multi_god_temple2, uniq_psyche, uniq_erica
D:11:     layout_loops_ring, orc_0_dummy
Temple:   hellmonk_temple_beads
Lair:1:   layout_concentric_octagons, serial_bayou_crossing
Lair:2:   layout_regular_city, gauntlet_entry_generic, portal_ice_cave_rime,
          serial_bayou_shore_a, uniq_harold, uniq_sonja
Gauntlet: minmay_gauntlet_77_tree [minmay_gauntlet_arena_77_radiant_squares,
          minmay_gauntlet_arena_77_fan, minmay_gauntlet_arena_77_broken_ladder,
          minmay_gauntlet_arena_77_checkered,
          minmay_gauntlet_arena_77_terracotta_army,
          minmay_gauntlet_arena_77_mess, minmay_gauntlet_arena_77_run_for_it,
          gauntlet_exit_hidden_loot]

Skill      XL: |  1  2  3  4  5  6  7  8  9 10 11 12 |
---------------+-------------------------------------+-----
Ranged Weapons | 6 7 8 9 11 14 16 18 21 22 | 22.7
Fighting       | 3 4 5 6 |  6.0
Armour         | 1 2 |  2.2
Dodging        | 3 6 7 8 9 10 | 10.2
Stealth        | |  1.2

Action                     |  1- 3 |  4- 6 |  7- 9 | 10-12 || total
---------------------------+-------+-------+-------+-------++-------
   Fire: Shortbow          |    62 |   142 |   179 |       ||   383
         Heavy crossbow    |       |       |    30 |   151 ||   181
    Use: Scroll            |     3 |    10 |     4 |     7 ||    24
         Potion            |       |       |     4 |     4 ||     8
 Armour: Leather armour    |     2 |       |       |       ||     2
         Ring mail         |       |    28 |    30 |    10 ||    68
         Troll leather arm |       |       |       |    22 ||    22
  Dodge: Dodged            |    10 |    33 |    34 |   119 ||   196

Table legend:
 A = Non-vault XP
 B = Vault XP
 C = Vault XP percentage of total XP
 D = Non-vault monster count
 E = Vault monster count
 F = Vault count percentage of total count
                 A         B        C        D         E       F
            +---------+---------+-------+---------+---------+-------
      Total |   23070 |    7739 |  25.1 |     213 |      57 |  21.1
            +---------+---------+-------+---------+---------+-------
        D:1 |      17 |       0 |   0.0 |      11 |       0 |   0.0
        D:2 |      43 |      37 |  46.2 |      13 |       1 |   7.1
        D:3 |      58 |      36 |  38.3 |      19 |      11 |  36.7
        D:4 |     274 |     226 |  45.2 |      20 |       1 |   4.8
        D:5 |     536 |    2135 |  79.9 |      14 |      23 |  62.2
        D:6 |    1164 |     203 |  14.9 |      27 |       1 |   3.6
        D:7 |     758 |       0 |   0.0 |      12 |       0 |   0.0
        D:8 |    1399 |     383 |  21.5 |      15 |       1 |   6.2
        D:9 |     761 |       8 |   1.0 |       6 |       4 |  40.0
       D:10 |    3297 |    1253 |  27.5 |      10 |       3 |  23.1
       D:11 |    5157 |       0 |   0.0 |      29 |       0 |   0.0
     Lair:1 |    5152 |       0 |   0.0 |      21 |       0 |   0.0
     Lair:2 |    4454 |    1639 |  26.9 |      16 |       2 |  11.1
   Gauntlet |       0 |    1819 | 100.0 |       0 |      10 | 100.0
            +---------+---------+-------+---------+---------+-------
